 Dungeon Crawl Stone Soup version 0.22.0-38-g04b72b8c25 (webtiles) character file.

296 Jynx the Cudgeler (level 5, -5/41 HPs)
             Began as a Demigod Warper on Aug 25, 2018.
             Killed by divine providence
             ... invoked by an orc priest
              (13 damage)
             ... on level 4 of the Dungeon.
             The game lasted 00:10:21 (4415 turns).

Jynx the Cudgeler (Demigod Warper)                  Turns: 4415, Time: 00:10:22

Health: -5/41      AC:  6    Str: 16    XL:     5   Next: 87%
Magic:  10/13      EV: 11    Int: 17    God:
Gold:   215        SH:  0    Dex: 15    Spells: 4/11 levels left

rFire    . . .     SeeInvis +   m - +1 flail
rCold    . . .     Gourm    .   (no shield)
rNeg     . . .     Faith    .   o - +0 ring mail
rPois    .         Spirit   .   (no helmet)
rElec    .         Reflect  .   h - +0 cloak (curse)
rCorr    .         Harm     .   (no gloves)
MR       .....                  (no boots)
Stlth    +.........             (no amulet)
HPRegen  0.13/turn              l - ring of see invisible
MPRegen  0.13/turn              (no ring)

@: no status effects
A: high mp 1
a: no special abilities


You were on level 4 of the Dungeon.
You were hungry.

You visited 1 branch of the dungeon, and saw 4 of its levels.

You collected 215 gold pieces.

Inventory:

Hand Weapons
 m - a +1 flail (weapon)
Missiles
 e - 5 tomahawks of dispersal (quivered)
Armour
 h - a cursed +0 cloak (worn)
 o - a +0 ring mail (worn)
Jewellery
 j - a cursed -4 ring of strength {unknown}
 l - a ring of see invisible (left hand)
Wands
 a - a wand of flame (23)
Scrolls
 d - a scroll of blinking
 i - a scroll of magic mapping
Potions
 b - a potion of ambrosia {unknown}
 k - a potion of flight {unknown}
 n - a potion of curing
 p - a potion of invisibility {unknown}
 q - a potion of might {unknown}
Comestibles
 f - 7 rations


   Skills:
 - Level 1.7 Fighting
 + Level 4.3 Maces & Flails
 - Level 0.8 Throwing
 - Level 0.8 Armour
 - Level 1.7 Dodging
 - Level 3.8 Spellcasting
 + Level 2.9 Translocations


You had 4 spell levels left.
You knew the following spells:

 Your Spells              Type           Power        Failure   Level  Hunger
a - Blink                 Tloc           N/A          14%         2    ##.....
b - Shroud of Golubria    Chrm/Tloc      #.........   26%         2    ##.....
c - Gell's Gravitas       Tloc           ##........   26%         3    ###....

Your spell library contained the following spells:

 Spells                   Type           Power        Failure   Level  Hunger
 Apportation              Tloc           ##....       9%          1    None
 Lesser Beckoning         Tloc           ##........   26%         3    ###....
 Teleport Other           Tloc           ##......     26%         3    ###....
 Animate Skeleton         Necr           N/A          30%         1    None
 Confusing Touch          Hex            #.....       30%         1    None
 Summon Small Mammal      Summ           #...         30%         1    None
 Passage of Golubria      Tloc           N/A          65%         4    ####...


Dungeon Overview and Level Annotations

Branches:
Dungeon (4/15)
 Temple: D:4-7

Annotations:
D:4 Menkaure


Innate Abilities, Weirdness & Mutations

You have an increased reservoir of magic. (+10% MP)


Message History

Okay, then.
Casting: Shroud of Golubria (safe; 26% risk of failure)
Confirm with . or Enter, or press ? or * to list all spells.
Okay, then.
Casting: Shroud of Golubria (safe; 26% risk of failure)
Confirm with . or Enter, or press ? or * to list all spells.
Aiming: Gell's Gravitas (safe; 26% risk of failure)
Press: ? - help, Dir - move target cursor Gravity reorients around empty space.
You hear a shout!
Something collides with the orc priest!
An orc comes into view. It is wielding a mace.
An orc priest comes into view. It is wielding a hand axe.
You are feeling hungry.
The orc closely misses you.
The orc priest calls upon Beogh to heal the orc.
The orc's wounds heal themselves!
The orc priest calls down the wrath of Beogh upon you.
Beogh smites you!
You die...

..#.#####..#####...# . .. ##
..#'# #..P.........######. ... ..
.......P.♣♣..#...........# ♣.♣#♣
.......PP ♣PP#........o..# #....
#####...P♣♣P.#...........# #♣.♣.♣
# # #...P...P#.....o.o...# #<....
#.#.#..+...P.............# #♣.♣.♣
#...#..#..PP♣P..o........# #.....
'._.'..#..♣♣♣P..@........#######.
#...#.. #..P♣♣P..................
#.#^#.###..P.P...........#.....##
# # #......P...###...............
#####.......[..# #.............#.
...............# #.......#.#####.
♣♣.......).....# #.........# #.
♣♣♣............# #.........# #.
P...#....####### #.........#.. #.


You could see 2 orc priests and 2 orcs.

Vanquished Creatures
  A howler monkey (D:4)
  A bullfrog skeleton (D:4)
  2 worker ants (D:4)
  Robin (D:4)
  8 adders
  2 worms
  3 dart slugs
  2 leopard geckos
  5 orcs
  3 giant cockroaches
  16 goblins
  10 hobgoblins
  2 jackals (D:3)
  8 kobolds
  8 bats
  5 frilled lizards
  A giant cockroach zombie (D:2)
  A leopard gecko skeleton (D:4)
  5 rats
84 creatures vanquished.

Notes
Turn   | Place    | Note
-------+----------+-------------------------------------------
     0 | D:1      | Jynx the Demigod Warper began the quest for the Orb.
     0 | D:1      | Reached XP level 1. HP: 17/17 MP: 5/5
   163 | D:1      | Reached skill level 2 in Maces & Flails
   525 | D:1      | Reached XP level 2. HP: 24/24 MP: 5/7
   929 | D:2      | Reached XP level 3. HP: 14/29 MP: 7/9
  1952 | D:2      | Reached skill level 3 in Maces & Flails
  2024 | D:2      | Learned a level 2 spell: Blink
  2721 | D:3      | Reached XP level 4. HP: 36/36 MP: 11/11
  2735 | D:3      | Learned a level 2 spell: Shroud of Golubria
  2739 | D:3      | Learned a level 3 spell: Gell's Gravitas
  2929 | D:3      | Found a burning altar of Makhleb.
  3495 | D:4      | Reached XP level 5. HP: 23/41 MP: 7/13
  3503 | D:4      | Noticed Robin
  3785 | D:4      | Killed Robin
  3937 | D:4      | Reached skill level 4 in Maces & Flails
  4367 | D:4      | Found a shimmering altar of Xom.
  4386 | D:4      | Noticed Menkaure
  4415 | D:4      | Killed from afar by an orc priest

Skill      XL: |  1  2  3  4  5 |
---------------+----------------+-----
Maces & Flails | 2 3 4 |  4.3
Spellcasting   | 2 3 |  3.8
Fighting       | |  1.7
Throwing       | |  0.8
Armour         | |  0.8
Dodging        | |  1.7
Translocations | |  2.9

Action                   |  1- 3 |  4- 6 || total
-------------------------+-------+-------++-------
Melee: Mace              |   171 |    59 ||   230
       Flail             |       |   113 ||   113
 Cast: Blink             |     2 |       ||     2
       Shroud of Golubri |       |    13 ||    13
       Gell's Gravitas   |       |     1 ||     1
  Use: Potion            |     1 |       ||     1
       Scroll            |       |     5 ||     5
 Stab: Sleeping          |     1 |       ||     1
  Eat: Chunk             |     6 |     6 ||    12
Armor: Leather armour    |    71 |     4 ||    75
       Ring mail         |       |    67 ||    67
Dodge: Dodged            |   138 |   152 ||   290
